 Dungeon Crawl Stone Soup version 0.31-a0-152-g6aa68a64a1 (webtiles) character file.

Game seed: 10005892294085066127

226 qw the Shooter (level 6, -4/56 HPs)
             Began as a Naga Hunter on June 10, 2023.
             Slain by Duvessa
             ... wielding a +0 rapier
              (7 damage)
             ... on level 4 of the Dungeon.
             The game lasted 00:00:46 (2198 turns).

qw the Shooter (Naga Hunter)                        Turns: 2198, Time: 00:00:47

Health: -4/56      AC:  3    Str: 13    XL:     6   Next: 1%
Magic:  6/6        EV:  9    Int: 10    God:
Gold:   243        SH:  0    Dex: 16    Spells: 5/5 levels left

rFire   . . .        Y - +2 shortbow
rCold   . . .        (shield currently unavailable)
rNeg    . . .        c - +0 leather armour
rPois   +            (no helmet)
rElec   .            (no cloak)
rCorr   .            (no gloves)
SInv    +            (no barding)
Will    +....        (no amulet)
Stlth   ++           h - ring of willpower
HPRegen 0.29/turn    (no ring)
MPRegen 0.10/turn

%: no passive effects
@: about to teleport, very slow
A: AC +2, large, see invisible, deformed body, poison resistance, slowness 2,
spit poison 1, naga tail 1
a: Spit Poison


You were on level 4 of the Dungeon.
You visited 1 branch of the dungeon, and saw 4 of its levels.

You collected 243 gold pieces.


Innate Abilities, Weirdness & Mutations

Your serpentine skin is tough. (AC +2)
You have supernaturally acute eyesight. (SInv)
Armour fits poorly on your strangely shaped body.
Your system is resistant to poisons. (rPois)
You cover ground very slowly.
You can spit poison.
You have a snake-like lower body.


   Skills:
 - Level 3.3 Fighting
 + Level 5.9 Ranged Weapons
 - Level 1.5 Dodging
 - Level 1.5 Stealth


You had 5 spell levels left.
You didn't know any spells.
Your spell library was empty.

Inventory:

Hand Weapons
 Y - a +2 shortbow (weapon)
Armour
 c - a +0 leather armour (worn)
Jewellery
 h - a ring of willpower (left hand)
 j - a ring of ice
 k - the ring of Darkness {Fire rPois rN++ MP-9 Str-5}
   (You found it on level 3 of the Dungeon)

   [ring of fire]

   It enhances your fire magic.
   Str:       It affects your strength (-5).
   rF:        It protects you from fire.
   rC:        It makes you vulnerable to cold.
   rPois:     It protects you from poison.
   rN:        It greatly protects you from negative energy.
   MP:        It affects your magic capacity (-9).
Scrolls
 b - a scroll of identify
 f - 3 scrolls of teleportation
Potions
 d - a potion of heal wounds
 e - a potion of degeneration {unknown}
 g - a potion of curing
 i - 2 potions of resistance {unknown}

Dungeon Overview and Level Annotations

Branches:
Dungeon (4/15)
 Temple: D:4-7

Altars:

Shops:
D:3 [

Annotations:
D:4 Dowan, Duvessa


Message History

You have got your breath back.
Duvessa hits you with a +0 rapier.
Dowan gestures wildly while chanting.
Dowan blinks!
2191 ||| INVOKING Spit Poison.
Aiming: Spit Poison (1% risk of failure)
Press: ? - help, Shift-Dir - straight line, f/p - Duvessa The splash of poison hits Duvessa but does no damage.
Duvessa is poisoned.
Duvessa is lightly wounded.
Duvessa closely misses you.
You shoot an arrow. The arrow hits Duvessa!
Duvessa is moderately wounded.
Duvessa barely misses you.
You shoot an arrow. The arrow hits Duvessa.
Duvessa is heavily wounded.
Duvessa closely misses you.
You shoot an arrow.
The arrow hits Duvessa but does no damage.
Duvessa is heavily wounded.
You have got your breath back.
Duvessa hits you with a +0 rapier.
2195 ||| INVOKING Spit Poison.
Aiming: Spit Poison (1% risk of failure)
Press: ? - help, Shift-Dir - straight line, f/p - Duvessa The splash of poison misses Duvessa.
Duvessa hits you with a +0 rapier.
You shoot an arrow. The arrow hits Duvessa.
Duvessa is severely wounded.
Duvessa looks more healthy.
Duvessa hits you with a +0 rapier.
Dowan mumbles some strange words.
Dowan blinks!
You shoot an arrow. The arrow closely misses Duvessa.
Duvessa hits you with a +0 rapier! x2
2198 ||| READING 4 scrolls of teleportation.
As you read the scroll of teleportation, it crumbles to dust.
You feel strangely unstable.
You have got your breath back.
Duvessa hits you with a +0 rapier!
You die...

.. .>. #. #.#
.. ... #. #.#
..#. #.# #.#S
#.#
#.#e##.#####
#.#.@......#
#.####.###.#
#.# #.# #.#
#.#
######'####.#
#...........#
#...........#
#...........#
#...........#


You could see Duvessa and an adder.

Vanquished Creatures
  2 orc priests (D:3)
  An orc wizard (D:3)
  4 gnolls (D:3)
  4 adders
  11 orcs (D:3)
  A bat (D:2)
  4 endoplasms
  7 goblins
  4 hobgoblins
  A quokka (D:1)
  2 ball pythons (D:1)
  6 frilled lizards
  6 kobolds
  5 rats
58 creatures vanquished.

Notes
Turn   | Place    | Note
-------+----------+-------------------------------------------
     0 | D:1      | qw the Naga Hunter began the quest for the Orb.
     0 | D:1      | Reached XP level 1. HP: 19/19 MP: 1/1
     0 | D:1      | 0 ||| qw: Version: 0.2-a-29-gd901d54
     0 | D:1      | 0 ||| qw: Game counter: 3974
     0 | D:1      | 0 ||| qw: Always use a shield: true
     0 | D:1      | 0 ||| qw: God list: Okawaru
     0 | D:1      | 0 ||| qw: Allow faded altars: false
     0 | D:1      | 0 ||| qw: Do Orc after D:15 true
     0 | D:1      | 0 ||| qw: Do second Lair branch before Depths: true
     0 | D:1      | 0 ||| qw: Lair rune preference: random
     0 | D:1      | 0 ||| qw: Plans: Normal
     0 | D:1      | 0 ||| PLANNING D:1-11
    57 | D:1      | 57 ||| INVOKING Spit Poison.
   105 | D:1      | 105 ||| INVOKING Spit Poison.
   140 | D:1      | 140 ||| INVOKING Spit Poison.
   146 | D:1      | 146 ||| INVOKING Spit Poison.
   152 | D:1      | 152 ||| INVOKING Spit Poison.
   211 | D:1      | Reached skill level 4 in Ranged Weapons
   211 | D:1      | Reached XP level 2. HP: 26/26 MP: 2/2
   247 | D:1      | 247 ||| INVOKING Spit Poison.
   258 | D:1      | 258 ||| INVOKING Spit Poison.
   295 | D:1      | 295 ||| INVOKING Spit Poison.
   468 | D:1      | 468 ||| INVOKING Spit Poison.
   566 | D:1      | 566 ||| INVOKING Spit Poison.
   765 | D:1      | 765 ||| READING scroll labelled VIZYRA GURPHUCW.
   766 | D:1      | 766 ||| READING 3 scrolls labelled DAGOEG QUGISHRUHEAH.
   771 | D:1      | 771 ||| READING scroll labelled TIXKOE FAORCHO.
   772 | D:1      | 772 ||| READING 2 scrolls labelled GOIXKA ZUEDGH.
   773 | D:1      | 773 ||| READING scroll of enchant weapon.
   773 | D:1      | 773 ||| ENCHANTING +1 shortbow.
   774 | D:1      | 774 ||| DROPPING scroll of butterflies.
   809 | D:2      | 809 ||| INVOKING Spit Poison.
   833 | D:2      | 833 ||| INVOKING Spit Poison.
   892 | D:2      | 892 ||| INVOKING Spit Poison.
   913 | D:2      | 913 ||| INVOKING Spit Poison.
   945 | D:2      | 945 ||| INVOKING Spit Poison.
   951 | D:2      | 951 ||| INVOKING Spit Poison.
   982 | D:2      | 982 ||| INVOKING Spit Poison.
  1007 | D:2      | 1007 ||| INVOKING Spit Poison.
  1013 | D:2      | 1013 ||| INVOKING Spit Poison.
  1014 | D:2      | Reached XP level 3. HP: 22/32 MP: 3/3
  1093 | D:2      | 1093 ||| INVOKING Spit Poison.
  1138 | D:2      | 1138 ||| INVOKING Spit Poison.
  1145 | D:2      | 1145 ||| INVOKING Spit Poison.
  1185 | D:2      | 1185 ||| INVOKING Spit Poison.
  1383 | D:2      | 1383 ||| INVOKING Spit Poison.
  1432 | D:2      | 1432 ||| READING scroll labelled VAGAUL PYU.
  1433 | D:2      | 1433 ||| READING scroll labelled GYLUTY VIONA.
  1434 | D:2      | 1434 ||| READING scroll labelled YCLUS YHITOPN.
  1435 | D:2      | 1435 ||| DRINKING 2 silvery potions.
  1436 | D:2      | 1436 ||| READING 2 scrolls of identify.
  1436 | D:2      | 1436 ||| IDENTIFYING inky potion
  1471 | D:3      | 1471 ||| INVOKING Spit Poison.
  1472 | D:3      | Reached skill level 5 in Ranged Weapons
  1472 | D:3      | Reached XP level 4. HP: 39/39 MP: 4/4
  1476 | D:3      | 1476 ||| INVOKING Spit Poison.
  1480 | D:3      | 1480 ||| INVOKING Spit Poison.
  1484 | D:3      | 1484 ||| INVOKING Spit Poison.
  1487 | D:3      | 1487 ||| INVOKING Spit Poison.
  1491 | D:3      | 1491 ||| DRINKING potion of curing.
  1491 | D:3      | 1491 ||| (to cure confusion)
  1492 | D:3      | 1492 ||| INVOKING Spit Poison.
  1495 | D:3      | 1495 ||| INVOKING Spit Poison.
  1500 | D:3      | Reached skill level 3 in Fighting
  1500 | D:3      | Reached XP level 5. HP: 19/49 MP: 5/5
  1501 | D:3      | 1501 ||| INVOKING Spit Poison.
  1626 | D:3      | 1626 ||| INVOKING Spit Poison.
  1674 | D:3      | 1674 ||| INVOKING Spit Poison.
  1697 | D:3      | 1697 ||| INVOKING Spit Poison.
  1707 | D:3      | Found Ikeyt's Armour Shop.
  1723 | D:3      | 1723 ||| SHOPLISTING +1 ring mail of fire resistance (224
                  | gold, have 145).
  1723 | D:3      | 1723 ||| SHOPLISTING +2 robe (177 gold, have 145).
  1757 | D:3      | 1757 ||| INVOKING Spit Poison.
  1763 | D:3      | 1763 ||| INVOKING Spit Poison.
  1778 | D:3      | 1778 ||| INVOKING Spit Poison.
  1822 | D:3      | 1822 ||| INVOKING Spit Poison.
  1927 | D:3      | 1927 ||| INVOKING Spit Poison.
  1946 | D:3      | Identified the ring of Darkness {Fire rPois rN++ MP-9
                  | Str-5}
  2000 | D:3      | 2000 ||| INVOKING Spit Poison.
  2003 | D:3      | 2003 ||| INVOKING Spit Poison.
  2004 | D:3      | Reached XP level 6. HP: 53/56 MP: 6/6
  2118 | D:3      | 2118 ||| UPGRADING to ring of willpower.
  2119 | D:3      | 2119 ||| READING scroll labelled YMANTE PONA.
  2120 | D:3      | 2120 ||| READING 2 scrolls of identify.
  2120 | D:3      | 2120 ||| IDENTIFYING murky sapphire potion
  2121 | D:3      | 2121 ||| DROPPING potion of lignification.
  2185 | D:4      | Noticed Duvessa
  2185 | D:4      | Noticed Dowan
  2186 | D:4      | 2186 ||| INVOKING Spit Poison.
  2191 | D:4      | 2191 ||| INVOKING Spit Poison.
  2195 | D:4      | 2195 ||| INVOKING Spit Poison.
  2197 | D:4      | HP: 10/56 [Duvessa/+0 rapier (12)]
  2197 | D:4      | HP: 3/56 [Duvessa/+0 rapier (7)]
  2198 | D:4      | 2198 ||| READING 4 scrolls of teleportation.
  2198 | D:4      | Slain by Duvessa

Levels and vault maps discovered:
D:1:      sevenhm_arrival_forest_fort_large_2, layout_loops_ring
D:2:      layout_loops_ring
D:3:      layout_basic, serial_shops, shop
D:4:      layout_basic, old_standard_altar, minitemple,
          minmay_misc_feat_enclosed, uniq_duvessa

Skill      XL: |  1  2  3  4 |
---------------+-------------+-----
Ranged Weapons | 4 5 |  5.9
Fighting       | 3 |  3.3
Dodging        | |  1.5
Stealth        | |  1.5

Action                     |  1- 3 |  4- 6 || total
---------------------------+-------+-------++-------
   Fire: Shortbow          |    47 |    72 ||   119
Ability: Spit Poison       |    25 |    20 ||    45
    Use: Scroll            |     9 |     3 ||    12
         Potion            |     1 |     1 ||     2
 Armour: Leather armour    |     6 |     1 ||     7
  Dodge: Dodged            |    10 |    11 ||    21

Table legend:
 A = Non-vault XP
 B = Vault XP
 C = Vault XP percentage of total XP
 D = Non-vault monster count
 E = Vault monster count
 F = Vault count percentage of total count
                 A         B        C        D         E       F
            +---------+---------+-------+---------+---------+-------
      Total |     323 |       0 |   0.0 |      58 |       0 |   0.0
            +---------+---------+-------+---------+---------+-------
        D:1 |      19 |       0 |   0.0 |      13 |       0 |   0.0
        D:2 |      57 |       0 |   0.0 |      14 |       0 |   0.0
        D:3 |     247 |       0 |   0.0 |      31 |       0 |   0.0
            +---------+---------+-------+---------+---------+-------
